 Dungeon Crawl Stone Soup version 0.23.2-33-g5129a83184 (webtiles) character file.

Game seed: 4365128335890311148

4867 DorianNounverber the Thaumaturge (level 10, -8/56 HPs)
             Began as a Deep Elf Wizard on July 11, 2019.
             Was a Priest of Sif Muna.
             Killed from afar by Jorgrun (21 damage)
             ... with an iron shot
             ... while petrified by Jorgrun
             ... on level 1 of the Orcish Mines on July 12, 2019.
             The game lasted 01:11:15 (17852 turns).

DorianNounverber the Thaumaturge (Deep Elf Wizard) Turns: 17852, Time: 01:11:15

Health: -8/56      AC:  7    Str:  5    XL:     10   Next: 26%
Magic:  19/30      EV:  2    Int: 26    God:    Sif Muna [***...]
Gold:   387        SH:  0    Dex: 13    Spells: 20/37 levels left

rFire    . . .     SeeInvis +   D - +0 quarterstaff
rCold    . . .     Gourm    .   (shield currently unavailable)
rNeg     + + +     Faith    .   i - +2 robe {rN+}
rPois    ∞         Spirit   .   b - +0 hat
rElec    .         Reflect  .   (no cloak)
rCorr    +         Harm     .   O - +0 pair of gloves
MR       +....                  C - +1 pair of boots {Fly}
Stlth    ++........             (no amulet)
HPRegen  0.18/turn              m - ring of resist corrosion
MPRegen  0.22/turn              r - ring of see invisible

@: petrified, flying, lightly drained
A: no striking features
a: Divine Energy, Channel Magic, Renounce Religion, Stop Flying


You were on level 1 of the Orcish Mines.
You worshipped Sif Muna.
Sif Muna was most pleased with you.
You were not hungry.

You visited 3 branches of the dungeon, and saw 11 of its levels.
You also visited: Ossuary.

You collected 695 gold pieces.
You spent 308 gold pieces at shops.

Inventory:

Hand Weapons
 h - a +4 scythe
 q - a +1 dagger of venom
 D - a +0 quarterstaff (weapon)
 Q - a +0 glaive of venom
Missiles
 z - 5 tomahawks (quivered)
Armour
 b - a +0 hat (worn)
 e - a +1 robe of magic resistance
 i - a +2 robe of positive energy (worn)
 C - a +1 pair of boots of flying (worn)
 L - a +0 pair of boots
 O - a +0 pair of gloves (worn)
Jewellery
 m - a ring of resist corrosion (left hand)
 r - a ring of see invisible (right hand)
Wands
 w - a wand of disintegration (28)
 y - a wand of iceblast (6)
 N - a wand of flame (20)
Scrolls
 a - a scroll of teleportation {unknown}
 c - 7 scrolls of immolation {unknown}
 g - a scroll of enchant weapon {unknown}
 l - 6 scrolls of identify {unknown}
 p - 4 scrolls of fear {unknown}
 u - 3 scrolls of remove curse {unknown}
 v - a scroll of magic mapping {unknown}
 x - 2 scrolls of fog {unknown}
 A - a scroll of holy word {unknown}
 G - 7 scrolls of random uselessness {unknown}
 M - 2 scrolls of enchant armour {unknown}
 P - a scroll of amnesia {unknown}
 R - a scroll of noise {unknown}
Potions
 f - 2 potions of brilliance {unknown}
 j - 3 potions of lignification
 k - 7 potions of degeneration {unknown}
 n - a potion of invisibility {unknown}
 o - 4 potions of curing
 s - 3 potions of haste {unknown}
 t - 3 potions of agility
 B - a potion of might {unknown}
 E - 2 potions of ambrosia {unknown}
 F - 2 potions of mutation
 H - a potion of resistance {unknown}
 I - a potion of berserk rage {unknown}
 J - 2 potions of magic {unknown}
 K - 3 potions of heal wounds
Comestibles
 d - 9 rations


   Skills:
 * Level 3.6(3.4) Fighting
 * Level 4.0(3.8) Staves
 * Level 6.2(5.9) Dodging
 + Level 3.4(3.2) Stealth
 * Level 14.0(13.7) Spellcasting
 + Level 5.0(4.7) Conjurations
 + Level 1.3(1.1) Hexes
 + Level 4.9(4.6) Summonings
 + Level 1.8(1.6) Translocations
 + Level 1.2(1.0) Fire Magic


You had 20 spell levels left.
You knew the following spells:

 Your Spells              Type           Power        Failure   Level  Hunger
a - Magic Dart            Conj           ####         1%          1    None
b - Blink                 Tloc           N/A          2%          2    None
c - Call Imp              Summ           #####...     1%          2    None
d - Conjure Flame         Conj/Fire      ####....     2%          3    None
e - Mephitic Cloud        Conj/Pois/Air  ####....     4%          3    None
f - Dazzling Spray        Conj/Hex       ####..       2%          3    None
g - Tukima's Dance        Hex            ###.....     6%          3    None

Your spell library contained the following spells:

 Spells                   Type           Power        Failure   Level  Hunger
 Corona                   Hex            ###....      1%          1    None
 Ensorcelled Hibernation  Hex/Ice        ###...       3%          2    None
 Slow                     Hex            ###.....     3%          2    None
 Confuse                  Hex            ###.....     6%          3    None


Dungeon Overview and Level Annotations

Branches:
Dungeon (9/15)             Temple (1/1) D:4             Orc (1/2) D:9
   Lair: D:8-11

Altars:
Ashenzari
Cheibriados
Dithmenos
Elyvilon
Fedhas
Gozag
Hepliaklqana
Kikubaaqudgha
Makhleb
Nemelex Xobeh
Okawaru
Qazlal
Ru
Sif Muna
Trog
Uskayaw
Vehumet
Wu Jian
Xom
Yredelemnul
Zin
The Shining One

Shops:
D:7 !

Annotations:
Orc:1 Jorgrun


Message History

Confirm with . or Enter, or press ? or * to list all spells.
A beastly little devil appears in a puff of flame.
Your crimson imp says, "I'm here!"
Your shadow imp completely misses Jorgrun.
You have turned to stone.
Jorgrun completely misses you.
Your crimson imp blinks!
Your shadow imp barely misses Jorgrun.
Jorgrun hits you with a +0 quarterstaff of crushing!
Your shadow imp hits Jorgrun.
Jorgrun hits you with a +0 quarterstaff of crushing!
Your shadow imp barely misses Jorgrun.
Jorgrun hits you with a +0 quarterstaff of crushing!!
* * * LOW HITPOINT WARNING * * *
x2 Your crimson imp misses Jorgrun.
Your crimson imp barely misses Jorgrun.
Your shadow imp hits Jorgrun but does no damage.
Jorgrun casts a spell at you. The iron shot hits you!!!
You die...

.#........... ...
#.#.....^...##.##
...............#
#............. ##
#.........#
##.###........#
#...........###
#.......<..#
###..@.....##
##...>g5.....##
#....55.......#
#...$..........#
#....#.....#.#.##
##.........###.#
#..........# ^.
#.......#.... #
##.....###....


You could see Jorgrun, 2 friendly crimson imps and a friendly shadow imp.

Vanquished Creatures
  A hydra (D:7)
  A hippogriff (D:8)
  A spriggan (D:8)
  A wyvern (D:8)
  A dancing weapon (D:7)
  2 orc warriors (D:8)
  A phantom (D:9)
  A sky beast (D:7)
  2 ogres (D:4)
  A crocodile (D:8)
  2 big kobolds
  5 bullfrogs
  2 scorpions
  A wight (D:9)
  A howler monkey (D:7)
  3 crimson imps (D:8)
  A centaur zombie (D:8)
  A jelly (D:8)
  A quasit (D:7)
  4 hounds
  3 orc priests
  A human zombie (Ossuary)
  2 iguanas
  2 orc wizards
  2 worker ants
  2 hound skeletons
  4 gnolls
  7 adders
  A shadow imp (D:6)
  2 oozes
  An adder skeleton (D:5)
  3 dart slugs (D:1)
  7 leopard geckos
  22 orcs
  7 bats
  6 giant cockroaches
  8 goblins
  5 hobgoblins
  9 jackals
  A quokka (D:4)
  2 ball pythons (D:1)
  5 frilled lizards
  14 kobolds
  7 rats
156 creatures vanquished.

Vanquished Creatures (collateral kills)
  A hippogriff (D:8)
  Sigmund (D:2)
  Menkaure (D:6)
  An ice beast (D:9)
  An orc warrior (D:9)
  A hornet zombie (D:9)
  A black bear (D:9)
  2 sky beasts
  An ogre (D:7)
  2 centaurs (D:8)
  A bullfrog (D:9)
  3 scorpions
  4 wights (D:9)
  A bullfrog zombie (D:5)
  An electric eel (D:9)
  2 crimson imps
  2 centaur zombies (Ossuary)
  A quasit (D:5)
  2 human zombies (Ossuary)
  A centaur skeleton (D:8)
  A hound (D:8)
  A jelly (D:6)
  7 orc wizards
  12 orc priests
  Natasha (twice) (D:2)
  6 worker ants
  A hound zombie (D:5)
  4 mummies (Ossuary)
  3 gnolls
  A howler monkey zombie (D:8)
  3 adders
  A shadow imp (D:7)
  2 worms
  A leopard gecko (D:5)
  26 orcs
  A giant cockroach (D:7)
  3 jackals (D:2)
  A quokka (D:3)
  A bat (D:2)
  A frilled lizard (D:4)
  A gnoll zombie (Ossuary)
  A goblin zombie (D:6)
  A hobgoblin zombie (Ossuary)
  A kobold (D:7)
  A kobold zombie (Ossuary)
  A rat zombie (D:6)
114 creatures vanquished.

Vanquished Creatures (others)
  10 dancing weapons
  An orc wizard (D:8)
  2 fungi (D:5)
13 creatures vanquished.

Grand Total: 283 creatures vanquished

Notes
Turn   | Place    | Note
-------+----------+-------------------------------------------
     0 | D:1      | DorianNounverber the Deep Elf Wizard began the quest for
                  | the Orb.
     0 | D:1      | Reached XP level 1. HP: 10/10 MP: 7/7
   515 | D:1      | Reached XP level 2. HP: 15/15 MP: 3/9
   519 | D:1      | Learned a level 2 spell: Blink
   522 | D:1      | Learned a level 2 spell: Call Imp
   695 | D:1      | Reached skill level 5 in Spellcasting
  1132 | D:1      | Reached XP level 3. HP: 19/19 MP: 6/11
  1137 | D:1      | Learned a level 3 spell: Conjure Flame
  1141 | D:1      | Learned a level 3 spell: Mephitic Cloud
  1864 | D:2      | Found a white marble altar of Elyvilon.
  2128 | D:2      | Found a shimmering altar of Xom.
  2535 | D:2      | Reached XP level 4. HP: 24/24 MP: 11/13
  2705 | D:2      | Noticed Sigmund
  2729 | D:2      | Killed Sigmund
  2729 | D:2      | Reached skill level 6 in Spellcasting
  2729 | D:2      | Reached XP level 5. HP: 28/28 MP: 4/15
  2832 | D:2      | Noticed Natasha
  2840 | D:2      | Killed Natasha
  3005 | D:2      | Noticed Natasha
  3014 | D:2      | Killed Natasha
  3124 | D:2      | Found a bloodstained altar of Trog.
  3742 | D:3      | Reached skill level 7 in Spellcasting
  4403 | D:4      | Found a glowing silver altar of Zin.
  4553 | D:4      | Found a staircase to the Ecumenical Temple.
  4559 | Temple   | Entered the Ecumenical Temple
  4620 | Temple   | Became a worshipper of Sif Muna the Loreminder
  4739 | D:4      | Reached XP level 6. HP: 28/33 MP: 14/18
  5339 | D:4      | Reached skill level 8 in Spellcasting
  5346 | D:4      | Reached skill level 1 in Fighting
  5725 | D:4      | Reached XP level 7. HP: 38/38 MP: 8/21
  6190 | D:5      | Entered Level 5 of the Dungeon
  6274 | D:5      | Reached skill level 9 in Spellcasting
  7066 | D:5      | Found a blossoming altar of Fedhas.
  7898 | D:6      | Found a sand-covered staircase.
  7913 | Ossuary  | Entered an ossuary
  8145 | Ossuary  | Reached skill level 10 in Spellcasting
  8396 | Ossuary  | Reached * piety under Sif Muna
  8440 | Ossuary  | Reached skill level 1 in Staves
  8651 | D:6      | Reached XP level 8. HP: 43/43 MP: 3/24
  8987 | D:6      | Learned a level 3 spell: Dazzling Spray
  8991 | D:6      | Learned a level 3 spell: Tukima's Dance
  9341 | D:6      | Noticed Menkaure
  9365 | D:6      | Killed Menkaure
  9447 | D:6      | Found a snail-covered altar of Cheibriados.
  9975 | D:6      | HP: 2/45 [orc priest/divine providence (17)]
 10337 | D:6      | Found an ancient bone altar of Kikubaaqudgha.
 10462 | D:6      | Reached skill level 11 in Spellcasting
 11021 | D:7      | Noticed a six-headed hydra
 11053 | D:7      | Killed a six-headed hydra
 11053 | D:7      | Reached ** piety under Sif Muna
 11053 | D:7      | Reached skill level 12 in Spellcasting
 11053 | D:7      | Reached XP level 9. HP: 50/50 MP: 4/27
 11544 | D:7      | Reached skill level 5 in Dodging
 12061 | D:7      | Found Funya's Distillery.
 12073 | D:7      | Bought a potion of lignification for 33 gold pieces
 12073 | D:7      | Bought a potion of mutation for 88 gold pieces
 12073 | D:7      | Bought a potion of heal wounds for 55 gold pieces
 12073 | D:7      | Bought a potion of agility for 44 gold pieces
 12073 | D:7      | Bought a potion of curing for 33 gold pieces
 12073 | D:7      | Bought a potion of heal wounds for 55 gold pieces
 13417 | D:8      | Reached skill level 13 in Spellcasting
 13906 | D:8      | Reached skill level 1 in Hexes
 14709 | D:8      | Reached *** piety under Sif Muna
 14809 | D:8      | Reached skill level 1 in Fire Magic
 14809 | D:8      | Reached XP level 10. HP: 33/56 MP: 8/29
 16091 | D:9      | Found a staircase to the Orcish Mines.
 16230 | D:9      | Reached skill level 5 in Conjurations
 16846 | D:9      | Found a shattered altar of Ashenzari.
 17686 | D:9      | Reached skill level 14 in Spellcasting
 17822 | Orc:1    | Entered Level 1 of the Orcish Mines
 17836 | Orc:1    | Noticed Jorgrun
 17852 | Orc:1    | Killed from afar by Jorgrun

Skill      XL: |  1  2  3  4  5  6  7  8  9 10 |
---------------+-------------------------------+-----
Spellcasting   | 5 6 7 8 10 12 13 14 | 14.0
Dodging        | 3 4 5 6 |  6.2
Conjurations   | 2 3 4 5 |  5.0
Summonings     | 2 3 4 |  4.9
Fighting       | 1 3 |  3.6
Stealth        | 3 |  3.4
Staves         | 1 2 3 4 |  4.0
Hexes          | 1 |  1.3
Fire Magic     | 1 |  1.2
Translocations | |  1.8

Action                   |  1- 3 |  4- 6 |  7- 9 | 10-12 || total
-------------------------+-------+-------+-------+-------++-------
Melee: Scythe            |       |     3 |     4 |       ||     7
       Quarterstaff      |       |       |    73 |    59 ||   132
 Cast: Magic Dart        |   111 |    73 |   329 |    95 ||   608
       Call Imp          |     6 |    27 |   156 |    63 ||   252
       Blink             |     2 |     2 |    29 |    18 ||    51
       Conjure Flame     |       |     5 |    27 |     4 ||    36
       Tukima's Dance    |       |       |    34 |    16 ||    50
Evoke: Wand              |       |       |     3 |       ||     3
  Use: Potion            |       |       |     2 |     1 ||     3
 Stab: Distracted        |       |       |     1 |     1 ||     2
  Eat: Chunk             |     5 |     2 |     7 |     1 ||    15
       Ration            |       |     2 |     6 |     3 ||    11
Armor: Robe              |     2 |     5 |    59 |    14 ||    80
Dodge: Dodged            |    19 |     9 |   149 |    58 ||   235
